 Dungeon Crawl Stone Soup version 0.25.0-10-g039870ee82 (console) character file.

Game seed: 6901209266472097748

9343 bli the Martial Artist (level 11, -7/91 (92) HPs)
             Began as a Green Draconian Transmuter on June 23, 2020.
             Was a Follower of Wu Jian.
             Mangled by Snorg (19 damage)
             ... on level 11 of the Dungeon.
             The game lasted 00:49:42 (12722 turns).

bli the Martial Artist (DrTm)                      Turns: 12722, Time: 00:49:44

HP:   -7/91 (92)    AC: 10    Str: 13    XL:     11   Next: 21%
MP:   19/20         EV: 16    Int: 13    God:    Wu Jian [*.....]
Gold: 695           SH:  0    Dex: 15    Spells: 7/22 levels left

rFire    . . .     SeeInvis .     - Unarmed
rCold    . . .     Gourm    .   (no shield)
rNeg     . . .     Faith    .   (armour unavailable)
rPois    +         Spirit   .   (helmet restricted)
rElec    .         Reflect  .   f - scarf {harm}
rCorr    .         Harm     .   E - +1 pair of gloves
MR       .....                  x - +0 pair of boots
Stlth    ++........             N - amulet of magic regeneration
HPRegen  0.25/turn              (no ring)
MPRegen  0.42/turn              (no ring)

@: appendage, drained
A: breathe noxious fumes, unfitting armour, horns 2, poison resistance,
cold-blooded, AC +7
a: Breathe Noxious Fumes, End Transformation, Renounce Religion


You were on level 11 of the Dungeon.
You worshipped Wu Jian.
Wu Jian was aware of your devotion.
You were not hungry.
You had grown temporary horns.
You visited 2 branches of the dungeon, and saw 12 of its levels.

You collected 695 gold pieces.

Inventory:

Hand Weapons
 u - a +4 dagger of draining
 I - a +2 antimagic hand axe
 J - a +2 scimitar of flaming
Missiles
 a - 104 arrows
 d - 35 poisoned darts
 H - 12 boomerangs
 P - 2 curare-tipped darts (quivered)
Armour
 f - a scarf of harm (worn)
 x - a +0 pair of boots (worn)
 E - a +1 pair of gloves (worn)
 G - a +0 buckler
 L - a +0 cloak
Magical Staves
 o - an uncursed staff of poison
Jewellery
 q - an uncursed ring of flight {unknown}
 s - an uncursed amulet of guardian spirit
 N - an amulet of magic regeneration (around neck)
Wands
 b - a wand of flame (46)
 e - a wand of digging (6)
 B - a wand of paralysis (10)
 D - a wand of iceblast (8)
 K - a wand of polymorph (4)
Scrolls
 k - 2 scrolls of amnesia
 l - 2 scrolls of magic mapping
 m - 2 scrolls of immolation
 p - 5 scrolls of teleportation
 y - a scroll of fear
 z - 2 scrolls of enchant armour
 A - a scroll of fog {unknown}
 C - a scroll of remove curse
 M - 2 scrolls of enchant weapon {unknown}
Potions
 g - 2 potions of might
 h - a potion of brilliance {unknown}
 i - 2 potions of resistance
 j - 5 potions of degeneration
 n - 2 potions of mutation
 r - a potion of berserk rage {unknown}
 t - 2 potions of stabbing
 v - 2 potions of haste {unknown}
 w - 2 potions of lignification {unknown}
 F - a potion of flight {unknown}
 O - a potion of magic {unknown}
Comestibles
 c - 19 rations
 Q - 2 chunks of flesh


   Skills:
 * Level 7.2(6.4) Fighting
 + Level 6.9(6.1) Dodging
 - Level 2.2(1.5) Stealth
 + Level 11.2(10.3) Unarmed Combat
 - Level 6.0(5.2) Spellcasting
 + Level 7.2(6.4) Transmutations
 - Level 1.0(0.3) Poison Magic
 + Level 0.7(0.0) Evocations


You had 7 spell levels left.
You knew the following spells:

 Your Spells              Type           Power        Failure   Level  Hunger
a - Beastly Appendage     Tmut           ###...       1%          1    None
b - Sticks to Snakes      Tmut           ###.....     1%          2    ##.....
B - Blade Hands           Tmut           ###.......   34%         5    ######.
I - Ice Form              Ice/Tmut       ##......     43%         4    ####...
S - Spider Form           Tmut/Pois      ##........   14%         3    ###....

Your spell library contained the following spells:

 Spells                   Type           Power        Failure   Level  Hunger
 Infusion                 Chrm           #...         19%         1    None
 Summon Small Mammal      Summ           #...         19%         1    None
 Call Imp                 Summ           #.......     28%         2    ##.....
 Shroud of Golubria       Chrm/Tloc      #.....       28%         2    ##.....
 Song of Slaying          Chrm           #.......     28%         2    ##.....
 Call Canine Familiar     Summ           #.......     50%         3    ###....
 Ozocubu's Armour         Chrm/Ice       #.......     50%         3    ###....
 Spectral Weapon          Hex/Chrm       #.......     50%         3    ###....
 Summon Guardian Golem    Hex/Summ       #.......     50%         3    ###....
 Summon Ice Beast         Ice/Summ       #.......     88%         4    ####...
 Summon Lightning Spire   Summ/Air       #.......     88%         4    ####...


Dungeon Overview and Level Annotations

Branches:
Dungeon (11/15)            Temple (1/1) D:7
   Lair: D:8-11         Orc: D:9-12

Altars:
Ashenzari
Cheibriados
Dithmenos
Elyvilon
Fedhas
Gozag
Hepliaklqana
Kikubaaqudgha
Makhleb
Nemelex Xobeh
Okawaru
Qazlal
Ru
Sif Muna
Trog
Uskayaw
Vehumet
Wu Jian
Xom
Yredelemnul
Zin
The Shining One
Lugonu

Shops:
D:4 }   D:6 %}   D:7 [

Annotations:
D:8 4 runed translucent doors
D:11 Snorg


Innate Abilities, Weirdness & Mutations

You can breathe blasts of noxious fumes.
Your lurid green scales are hard. (AC +7)
You cannot fit into any form of body armour.
Your system is resistant to poisons. (rPois)
You are cold-blooded and may be slowed by cold attacks.
You have a pair of horns on your head.


Message History

You create a snake!
You now have 104 arrows.
Snorg rages.
Casting: Sticks to Snakes (safe; 1% risk of failure)
Confirm with . or Enter, or press ? or * to list all spells.
You grow a pair of large bovine horns.
Snorg bites you!! Snorg claws you but does no damage. Snorg claws you!
You closely miss Snorg. You headbutt Snorg!
Snorg is lightly wounded.
Snorg barely misses you. Snorg claws you but does no damage.
Snorg closely misses you.
Your ball python barely misses Snorg.
You barely miss Snorg.
Your tail-slap misses Snorg.
You punch Snorg.
Snorg is lightly wounded.
Snorg barely misses you. x2; Snorg misses you.
Your ball python barely misses Snorg.
You completely miss Snorg. You headbutt Snorg!
Snorg is lightly wounded.
Snorg bites you! Snorg claws you!
* * * LOW HITPOINT WARNING * * *
Snorg claws you!
* * * LOW HITPOINT WARNING * * *
Your ball python closely misses Snorg.
Snorg bites you!!
You die...

. ###. ##+########
#.< #.........# #.#
#.........#######.##
##.........'....#....
#..T@†.....####......
.......S.......#
###..).
....##.........#
#.... ... ###+#######
##.## # #..# ##.> ##.
#. #### .... ....


You could see Snorg (berserk) and a friendly ball python.

Vanquished Creatures
  3 two-headed ogres
  Nergalle (D:10)
  Maurice (D:10)
  An efreet (D:7)
  A hornet (D:9)
  Grinder (D:4)
  4 hippogriffs
  3 yaks (D:9)
  A hungry ghost (D:10)
  2 water moccasins
  4 ice beasts
  An orc warrior (D:6)
  A necrophage (D:6)
  3 ogres
  3 phantoms
  3 sky beasts
  6 centaurs
  A crocodile (D:11)
  6 bullfrogs
  3 big kobolds
  A wyvern zombie (D:8)
  3 scorpions
  4 killer bees
  5 electric eels (D:9)
  4 howler monkeys (D:7)
  6 crimson imps
  A quasit (D:6)
  2 bullfrog zombies
  3 orc priests (D:4)
  6 hounds
  2 jellies (D:9)
  2 bullfrog skeletons
  8 orc wizards
  An iguana (D:6)
  3 worker ants
  A killer bee zombie (D:6)
  2 hound skeletons
  A howler monkey zombie (D:9)
  A worker ant zombie (D:11)
  4 gnolls (D:6)
  7 adders
  3 shadow imps
  3 worms
  3 dart slugs
  3 leopard geckos
  21 orcs
  10 giant cockroaches
  5 hobgoblins
  2 jackals (D:6)
  6 quokkas
  4 ball pythons
  6 bats
  4 frilled lizards
  7 goblins
  A jackal skeleton (D:7)
  15 kobolds
  11 rats
  A plant (D:2)
221 creatures vanquished.

Vanquished Creatures (collateral kills)
  An ice beast (D:3)
  A sky beast (D:5)
  A killer bee (D:9)
  A crimson imp (D:7)
  An orc priest (D:8)
  2 orc wizards
  A worker ant (D:5)
  2 adders
  A shadow imp (D:8)
  An adder skeleton (D:6)
  2 leopard geckos
  4 orcs
  2 ball pythons (D:2)
  3 kobolds (D:7)
  A quokka (D:9)
24 creatures vanquished.

Grand Total: 245 creatures vanquished

Notes
Turn   | Place    | Note
-------+----------+-------------------------------------------
     0 | D:1      | bli the Draconian Transmuter began the quest for the Orb.
     0 | D:1      | Reached XP level 1. HP: 16/16 MP: 3/3
   101 | D:1      | Reached XP level 2. HP: 18/23 MP: 5/5
   202 | D:1      | Learned a level 2 spell: Sticks to Snakes
   730 | D:1      | Reached skill level 4 in Unarmed Combat
   730 | D:1      | Reached XP level 3. HP: 26/28 MP: 4/6
  1701 | D:2      | Reached XP level 4. HP: 25/35 MP: 2/7
  2130 | D:3      | Reached skill level 5 in Unarmed Combat
  2245 | D:3      | Found a radiant altar of Vehumet.
  2290 | D:3      | Found a blossoming altar of Fedhas.
  2292 | D:3      | Found a burning altar of Makhleb.
  2292 | D:3      | Found a shimmering altar of Xom.
  2298 | D:3      | Found a basalt altar of Yredelemnul.
  2298 | D:3      | Found a shimmering blue altar of Sif Muna.
  2298 | D:3      | Found a snail-covered altar of Cheibriados.
  2335 | D:3      | Noticed an ice beast
  2349 | D:3      | Killed an ice beast
  2349 | D:3      | Reached XP level 5. HP: 13/40 MP: 1/8
  2936 | D:4      | Found Batwon's Gadget Boutique.
  3050 | D:4      | Noticed an ogre
  3059 | D:4      | Killed an ogre
  3059 | D:4      | Reached XP level 6. HP: 44/47 MP: 3/9
  3144 | D:4      | Noticed Grinder
  3148 | D:4      | Paralysed by Grinder for 7 turns
  3164 | D:4      | Paralysed by Grinder for 6 turns
  3179 | D:4      | HP: 1/47 [Grinder (5)]
  3182 | D:4      | Killed Grinder
  3182 | D:4      | Reached skill level 6 in Unarmed Combat
  3872 | D:4      | Your scales start taking on a lurid green colour.
  3872 | D:4      | Reached XP level 7. HP: 26/52 MP: 1/11
  3872 | D:4      | Gained mutation: Your system is resistant to poisons.
                  | (rPois) [Green Draconian growth]
  4509 | D:5      | Entered Level 5 of the Dungeon
  4769 | D:5      | Reached skill level 7 in Unarmed Combat
  4858 | D:5      | Found an opulent altar of Gozag.
  4941 | D:5      | Reached XP level 8. HP: 47/62 MP: 7/14
  5020 | D:5      | Found a shimmering blue altar of Sif Muna.
  5123 | D:5      | Found a shimmering altar of Xom.
  5136 | D:5      | Found a burning altar of Makhleb.
  5300 | D:6      | Learned a level 3 spell: Spider Form
  5359 | D:6      | Found Zyipue's Gadget Boutique.
  5552 | D:6      | Learned a level 5 spell: Blade Hands
  5615 | D:6      | Reached skill level 1 in Stealth
  5934 | D:6      | Reached skill level 5 in Spellcasting
  6087 | D:6      | Found a glowing golden altar of the Shining One.
  6087 | D:6      | Found a shattered altar of Ashenzari.
  6087 | D:6      | Found an ancient bone altar of Kikubaaqudgha.
  6253 | D:6      | Found Vadi Uqe's Food Shop.
  6529 | D:7      | Reached skill level 8 in Unarmed Combat
  6634 | D:7      | Reached XP level 9. HP: 68/69 MP: 11/16
  6641 | D:7      | Reached skill level 5 in Transmutations
  6705 | D:7      | Found a stormy altar of Qazlal.
  6911 | D:7      | Reached skill level 5 in Dodging
  6947 | D:7      | Noticed an efreet
  6956 | D:7      | Killed an efreet
  7065 | D:7      | Learned a level 4 spell: Ice Form
  7658 | D:7      | Found a sparkling altar of Nemelex Xobeh.
  7705 | D:7      | Found Yqiy's Antique Armour Shop.
  7884 | D:7      | Reached skill level 9 in Unarmed Combat
  7899 | D:7      | Found a shimmering blue altar of Sif Muna.
  8573 | D:8      | Found a huge runed translucent gate.
  8573 | D:8      | Found a huge runed translucent gate.
  8573 | D:8      | Found a huge runed translucent gate.
  8573 | D:8      | Found a huge runed translucent gate.
  8573 | D:8      | Noticed a manticore
  8573 | D:8      | Noticed a two-headed ogre
  8573 | D:8      | Noticed a manticore
  8573 | D:8      | Noticed a polar bear
  8573 | D:8      | Noticed a polar bear
  8597 | D:8      | HP: 1/71 [two-headed ogre/+0 giant spiked club (5)]
  8598 | D:8      | Killed a two-headed ogre
  8598 | D:8      | Reached skill level 5 in Fighting
  8598 | D:8      | Reached XP level 10. HP: 2/80 MP: 19/19
  8603 | D:8      | Noticed a two-headed ogre
  9004 | D:8      | Found an ornate altar of the Wu Jian Council.
  9021 | D:8      | Became a worshipper of the Wu Jian Council
  9151 | D:8      | Found a stormy altar of Qazlal.
  9183 | D:8      | Found a basalt altar of Yredelemnul.
  9266 | D:8      | Found a glowing silver altar of Zin.
  9274 | D:8      | Reached skill level 1 in Poison Magic
  9349 | D:8      | Killed a two-headed ogre
  9750 | D:7      | Found a staircase to the Ecumenical Temple.
  9755 | Temple   | Entered the Ecumenical Temple
  9958 | D:9      | Reached skill level 10 in Unarmed Combat
 10787 | D:9      | Found a shadowy altar of Dithmenos.
 10790 | D:9      | Found a hazy altar of Hepliaklqana.
 10922 | D:9      | Reached * piety under Wu Jian
 11549 | D:9      | Noticed a two-headed ogre
 11579 | D:9      | Killed a two-headed ogre
 11873 | D:10     | Entered Level 10 of the Dungeon
 11894 | D:10     | Reached XP level 11. HP: 83/90 MP: 16/20
 12052 | D:10     | Found a bloodstained altar of Trog.
 12300 | D:10     | Noticed Maurice
 12310 | D:10     | Killed Maurice
 12358 | D:10     | Noticed Nergalle
 12378 | D:10     | Killed Nergalle
 12378 | D:10     | Reached skill level 11 in Unarmed Combat
 12713 | D:11     | Noticed Snorg
 12722 | D:11     | Mangled by Snorg

Illustrated notes

Levels and vault maps discovered:
D:1:      elethiomel_arrival_shortcut, layout_basic, minmay_door_square
D:2:      layout_basic, minmay_shallow_snake_nest
D:3:      layout_rooms, overflow_temple_1_default,
          chequers_serial_rivers_micro_a, doesnt_xom_only_xom
D:4:      layout_gridville, first_ration, serial_shops,
          nicolae_shop_temple_entry_statues_fountains, st_stairs_4, uniq_grinder
D:5:      layout_rooms, grunt_temple_overflow_champion_of_chaos,
          grunt_gozag_breadcrumbs, basic_altar
D:6:      layout_rooms, gammafunk_temple_overflow_claw, serial_shops, shop, shop
D:7:      minmay_slanted_spiral_squares, layout_basic,
          lemuel_coloured_pillars_altar, marbit_many_paths,
          minmay_temple_entry_from_below_a, serial_shops, shop,
          nicolae_qazlal_style_of_elements
D:8:      lemuel_bear_cage, layout_basic, grunt_temple_overflow_cloverleaf
D:9:      layout_rooms, riverfiend_overflow_shadow_ancestor, blue_anna_alchemist
          [blue_anna_fruit_fields, blue_anna_fruit_fields], kennysheep_boxes
D:10:     layout_gridville, basic_altar, uniq_nergalle, uniq_maurice
D:11:     layout_roguey, lair_entry_dummy, serial_shops, bzr_entry_water,
          uniq_erolcha, uniq_snorg
Temple:   corrupted_temple

Skill      XL: |  1  2  3  4  5  6  7  8  9 10 11 |
---------------+----------------------------------+-----
Dodging        | 2 3 4 5 6 |  6.9
Unarmed Combat | 4 5 6 7 8 9 10 11 | 11.2
Spellcasting   | 3 4 5 6 |  6.0
Transmutations | 3 4 6 7 |  7.2
Fighting       | 2 3 5 6 7 |  7.2
Stealth        | 1 2 |  2.2
Poison Magic   | 1 |  1.0
Evocations     | |  0.7

Action                   |  1- 3 |  4- 6 |  7- 9 | 10-12 || total
-------------------------+-------+-------+-------+-------++-------
Melee: Unarmed           |   125 |   148 |   419 |   251 ||   943
       Kick              |     3 |       |       |       ||     3
       Tailslap          |     9 |    25 |    51 |    21 ||   106
       Headbutt          |     8 |    10 |    63 |    37 ||   118
       Punch             |     2 |     4 |    14 |     5 ||    25
Throw: Dart              |       |     8 |    21 |    14 ||    43
       Boomerang         |       |       |       |    10 ||    10
 Cast: Beastly Appendage |    24 |    17 |    40 |    20 ||   101
       Sticks to Snakes  |     5 |    15 |    41 |    20 ||    81
       Spider Form       |       |       |       |     2 ||     2
Invok: Lunge             |       |       |       |    14 ||    14
 Abil: Breathe Noxious F |       |       |     2 |     4 ||     6
Evoke: Wand              |       |       |     5 |     2 ||     7
  Use: Potion            |       |     2 |     2 |       ||     4
       Scroll            |       |       |       |     9 ||     9
 Stab: Sleeping          |     2 |       |     3 |     1 ||     6
       Distracted        |       |     1 |     1 |     2 ||     4
       Confused          |       |       |     2 |     5 ||     7
  Eat: Chunk             |     3 |     5 |    14 |    11 ||    33
       Ration            |       |     1 |     1 |     1 ||     3
Armor: Skin              |    33 |    32 |   147 |    71 ||   283
Dodge: Dodged            |    65 |    50 |   315 |   198 ||   628
